 Dungeon Crawl Stone Soup version 0.30-a0-283-gf371ce1921 (webtiles) character file.

Game seed: 5421759690053719834

212 Neidan the Vexing (level 5, -1/24 HPs)
             Began as a Spriggan Enchanter on Oct 17, 2022.
             Slain by Duvessa
             ... wielding a +3 short sword of protection
              (10 damage)
             ... on level 4 of the Dungeon.
             The game lasted 00:06:55 (2755 turns).

Neidan the Vexing (Spriggan Enchanter)              Turns: 2755, Time: 00:06:56

Health: -1/24      AC:  3    Str: 10    XL:     5   Next: 58%
Magic:  11/13      EV: 17    Int: 17    God:
Gold:   151        SH:  0    Dex: 15    Spells: 6/14 levels left

rFire   . . .      SeeInvis +    a - +1 dagger (freeze)
rCold   . . .      Faith    .    (no shield)
rNeg    . . .      Spirit   .    g - +1 robe of Somewhere Else {Rampage Str+4}
rPois   .          Reflect  .    (helmet restricted)
rElec   .          Harm     .    (no cloak)
rCorr   .          Rampage  +    (gloves unavailable)
Will    .....                    (boots unavailable)
Stlth   +++.......               (no amulet)
HPRegen 0.24/turn                (no ring)
MPRegen 0.13/turn                (no ring)

@: mighty, invisible, very quick
A: very small, no large weapons, unfitting armour, see invisible, speed 3
a: no special abilities


You were on level 4 of the Dungeon.
You visited 1 branch of the dungeon, and saw 4 of its levels.

You collected 151 gold pieces.

Inventory:

Hand Weapons
 a - a +1 dagger of freezing (weapon)
Missiles
 f - 4 curare-tipped darts (quivered)
Armour
 b - a +1 robe
 g - the +1 robe of Somewhere Else (worn) {Rampage Str+4}
   (You found it on level 2 of the Dungeon)

   Str:       It affects your strength (+4).
   Rampage:   It bestows one free step when moving towards enemies.
Scrolls
 i - a scroll of enchant armour
Potions
 c - 2 potions of invisibility
 d - a potion of ambrosia
 e - a potion of heal wounds
 h - a potion of lignification


   Skills:
 - Level 1.1 Short Blades
 - Level 2.6 Dodging
 + Level 5.0 Stealth
 + Level 5.2 Spellcasting
 + Level 5.8 Hexes


You had 6 spell levels left.
You knew the following spells:

 Your Spells              Type           Power      Damage    Failure   Level
a - Ensorcelled Hibernat  Hex/Ice        28%        N/A       6%          2
b - Tukima's Dance        Hex            24%        N/A       3%          3
d - Confusing Touch       Hex            24%        N/A       3%          3

Your spell library contained the following spells:

 Spells                   Type           Power      Damage    Failure   Level
 Dazzling Flash           Conj/Hex       28%        N/A       13%         3
 Kiss of Death            Conj/Necr      16%        2d6       14%         1
 Blink                    Tloc           8%         N/A       22%         2
 Momentum Strike          Conj/Tloc      8%         3d8       22%         2
 Scorch                   Fire           8%         2d5       22%         2
 Lesser Beckoning         Tloc           8%         N/A       38%         3
 Dispel Undead            Necr           4%         3d7       80%         4
 Flame Wave               Conj/Fire      4%         2d5       80%         4
 Summon Cactus Giant      Summ           2%         N/A       100%        6


Dungeon Overview and Level Annotations

Branches:
Dungeon (4/15)
 Temple: D:4-7

Altars:

Annotations:
D:4 Dowan, Duvessa


Innate Abilities, Weirdness & Mutations

You are very small and have problems with some larger weapons.
You are too small for most types of armour.
You have supernaturally acute eyesight. (SInv)
You cover ground extremely quickly. (Speed+++)


Message History

Unknown command.
Unknown command.
Unknown command.
Unknown command.
Unknown command.
Unknown command.
Unknown command.
You are too injured to fight recklessly!
Unknown command.
Unknown command.
You are too injured to fight recklessly!
Unknown command.
Unknown command.
You are too injured to fight recklessly!
Unknown command.
You are too injured to fight recklessly!
Unknown command.
You are too injured to fight recklessly!
You hit the adder.
The adder seems to slow down.
You freeze the adder.
The adder is almost dead.
You closely miss the adder.
The adder is almost dead.
The adder closely misses you.
Dowan casts a spell.
Dowan blinks!
You are too injured to fight recklessly!
You puncture the adder! You freeze the adder.
You kill the adder!
Casting: Tukima's Dance (quite dangerous; 3% risk of failure)
Confirm with . or Enter, or press ? or * to list all spells.
Aiming: Ensorcelled Hibernation (safe; 6% risk of failure)
Press: ? - help, Shift-Dir - straight line, f - Duvessa
Aim: Duvessa, wielding a +3 short sword of protection and wearing a +0 ring mail (unable to see you, chance to affect: 30%) Duvessa looks drowsy...
Unknown command.
The helpless Duvessa fails to defend herself.
You impale Duvessa!! You freeze Duvessa.
Duvessa is severely wounded.
Duvessa hits you with a +3 short sword of protection!
You die...

#..........# #..........#
#..........# ##
#..........# ...
#..........### ####...
##...........###....
#..........#.##..##
#..........#....<.#
.......?..†.ge@####.......
...........e.### ###.###
e.....!......# #
...#........##
...##>......# .. ##.####.#
... ..# .# ###


You could see Duvessa (unable to see you), Dowan (unable to see you) and a
hobgoblin (unable to see you).

Vanquished Creatures
  A hound (D:4)
  Jessica (D:3)
  7 adders
  An ufetubus (D:3)
  2 dart slugs
  8 orcs (D:3)
  6 endoplasms
  6 giant cockroaches
  5 goblins
  4 hobgoblins (D:2)
  8 kobolds
  4 quokkas
  3 ball pythons
  10 bats
  4 frilled lizards
  4 rats
74 creatures vanquished.

Vanquished Creatures (collateral kills)
  A goblin (D:3)
1 creature vanquished.

Grand Total: 75 creatures vanquished

Notes
Turn   | Place    | Note
-------+----------+-------------------------------------------
     0 | D:1      | Neidan the Spriggan Enchanter began the quest for the Orb.
     0 | D:1      | Reached XP level 1. HP: 9/9 MP: 5/5
   283 | D:1      | Reached XP level 2. HP: 12/13 MP: 7/7
   286 | D:1      | Learned a level 2 spell: Ensorcelled Hibernation
   772 | D:2      | Reached XP level 3. HP: 14/16 MP: 9/9
   776 | D:2      | Learned a level 3 spell: Tukima's Dance
   780 | D:2      | Learned a level 3 spell: Confusing Touch
   961 | D:2      | Identified the +1 robe of Somewhere Else {Rampage Str+4}
  1258 | D:2      | Reached XP level 4. HP: 21/21 MP: 11/11
  1417 | D:2      | Reached skill level 5 in Hexes
  1590 | D:3      | Noticed Jessica
  1607 | D:3      | Killed Jessica
  1877 | D:3      | Reached XP level 5. HP: 10/24 MP: 10/13
  1975 | D:3      | Reached skill level 5 in Spellcasting
  2540 | D:3      | Found a faded altar of an unknown god.
  2735 | D:4      | Noticed Duvessa
  2738 | D:4      | Noticed Dowan
  2746 | D:4      | Reached skill level 5 in Stealth
  2755 | D:4      | Slain by Duvessa

Illustrated notes

Levels and vault maps discovered:
D:1:      wander_arrival_chamber, layout_loops_ring
D:2:      layout_basic, minmay_worlds_worst_comb
D:3:      minmay_inner_zag, layout_loops_corners,
          shapermc_ecumenical_altar_totnotflames, minmay_statues_item,
          uniq_jessica
D:4:      layout_rooms, xom_teletrap_fun, mainiacjoe_overflow_boulevard,
          uniq_duvessa, uniq_pikel

Skill      XL: |  1  2  3  4  5 |
---------------+----------------+-----
Spellcasting   | 3 4 5 |  5.2
Hexes          | 4 5 |  5.8
Stealth        | 5 |  5.0
Short Blades   | |  1.1
Dodging        | |  2.6

Action                   |  1- 3 |  4- 6 || total
-------------------------+-------+-------++-------
Melee: Dagger            |    91 |   119 ||   210
       Punch             |       |     1 ||     1
 Cast: Ensorcelled Hiber |     1 |     6 ||     7
       Tukima's Dance    |       |     2 ||     2
  Use: Scroll            |     7 |     1 ||     8
       Potion            |       |     4 ||     4
 Stab: Sleeping          |    14 |    17 ||    31
Armor: Robe              |    12 |    13 ||    25
Dodge: Dodged            |    72 |    97 ||   169

Table legend: (Time is in decaauts)
 A = Elapsed time spent in this place.
 B = Non-inter-level travel time spent in this place.
 C = Inter-level travel time spent in this place.
 D = Time resting spent in this place.
 E = Time spent auto-exploring this place.
 F = Levels seen in this place.
 G = Mean time per level.
                   A        B        C        D        E       F      G
               +--------+--------+--------+--------+--------+-----+--------+
         Total |   1904 |   1867 |     37 |      0 |   1428 |   4 |  476.0 |
       Dungeon |   1904 |   1867 |     37 |      0 |   1428 |   4 |  476.0 |
               +--------+--------+--------+--------+--------+-----+--------+

Top non-repeatable levels by time:
     D:3: 921 daAuts
     D:2: 507 daAuts
     D:1: 452 daAuts
     D:4: 23 daAuts
